 Dungeon Crawl Stone Soup version 0.28.0-53-g5a82cb258f (webtiles) character file.

Game seed: 7496233156574276431

173 safid the Chopper (level 5, -8/46 HPs)
             Began as a Hill Orc Fighter on Aug 15, 2022.
             Mangled by an ogre
             ... wielding a +0 giant spiked club
              (30 damage)
             ... on level 3 of the Dungeon.
             The game lasted 00:02:42 (2355 turns).

safid the Chopper (Hill Orc Fighter)                Turns: 2355, Time: 00:02:43

Health: -8/46      AC:  7    Str: 21    XL:     5   Next: 53%
Magic:  5/5        EV:  9    Int:  8    God:
Gold:   94         SH:  5    Dex: 16    Spells: 4/4 levels left

rFire   . . .      SeeInvis .   a - +0 war axe
rCold   . . .      Faith    .   c - +0 buckler
rNeg    . . .      Spirit   .   b - +0 scale mail
rPois   .          Reflect  .   (no helmet)
rElec   .          Harm     .   (no cloak)
rCorr   .          Rampage  .   (no gloves)
Will    .....                   (no boots)
Stlth   ..........              (no amulet)
HPRegen 0.15/turn               k - +6 ring of dexterity
MPRegen 0.09/turn               (no ring)

@: no status effects
A: no striking features
a: no special abilities


You were on level 3 of the Dungeon.
You visited 1 branch of the dungeon, and saw 3 of its levels.

You collected 94 gold pieces.

Inventory:

Hand Weapons
 a - a +0 war axe (weapon)
Missiles
 q - 6 javelins (quivered)
 t - 6 poisoned darts
Armour
 b - a +0 scale mail (worn)
 c - a +0 buckler (worn)
Jewellery
 k - a +6 ring of dexterity (left hand)
Wands
 j - a wand of flame (20)
Scrolls
 f - a scroll of blinking {unknown}
 i - a scroll of enchant weapon {unknown}
 m - a scroll of immolation {unknown}
 o - a scroll of silence {unknown}
 p - a scroll of amnesia {unknown}
 s - 3 scrolls of identify {unknown}
Potions
 d - a potion of might
 e - a potion of attraction {unknown}
 g - a potion of lignification {unknown}
 h - 2 potions of curing {unknown}
 l - a potion of haste {unknown}
 n - a potion of heal wounds {unknown}
 r - 2 potions of magic {unknown}


   Skills:
 - Level 4.0 Fighting
 + Level 6.0 Axes
 - Level 4.0 Armour
 - Level 4.0 Shields


You had 4 spell levels left.
You didn't know any spells.
Your spell library contained the following spells:

 Spells                   Type           Power      Damage    Failure   Level
 Animate Skeleton         Necr           0%         N/A       83%         1
 Apportation              Tloc           0%         N/A       83%         1
 Slow                     Hex            0%         N/A       83%         1
 Summon Small Mammal      Summ           0%         N/A       83%         1
 Blink                    Tloc           0%         N/A       92%         2
 Confusing Touch          Hex            0%         N/A       99%         3
 Tukima's Dance           Hex            0%         N/A       99%         3
 Vampiric Draining        Necr           0%         2d6       99%         3
 Passage of Golubria      Tloc           0%         N/A       100%        4
 Manifold Assault         Tloc           0%         N/A       100%        5
 Yara's Violent Unravell  Hex/Tmut       0%         3d3       100%        5
 Storm Form               Tmut/Air       0%         N/A       100%        7


Dungeon Overview and Level Annotations

Branches:
Dungeon (3/15)

Altars:

Shops:
D:3 :


Message History

You kill the bat!
You barely miss the adder. You block the adder's attack.
You closely miss the adder. The adder completely misses you.
The adder barely misses you.
You slash the adder!
You kill the adder!
Your Axes skill increases to level 6!
No target in view!
No target in view!
No target in view!
No target in view!
No target in view!
No target in view!
No target in view!
No target in view!
No target in view!
There is an entrance to Gevihaf's Book Boutique here.
There is a fountain of clear blue water here.
Found a stone staircase leading up.
You pick up a book of Cantrips and begin reading...
You add the spells Animate Skeleton, Summon Small Mammal and Apportation to your library.
Found a ring mail.
s - 3 scrolls labelled AJULAE FAULA (gained 1)
There is a fountain of clear blue water here.
An ogre comes into view. It is wielding a +0 giant spiked club.
The ogre shouts!
An ogre is nearby!
An ogre is nearby!
The ogre hits you with a +0 giant spiked club!!
You barely miss the ogre. You block the ogre's attack.
You hit the ogre.
The ogre is lightly wounded.
The ogre hits you with a +0 giant spiked club.
You are too injured to fight recklessly!
Unknown command.
You slash the ogre!
The ogre is heavily wounded.
The ogre hits you with a +0 giant spiked club!!
Ouch! That really hurt!
You die...

#...............#.......###...
#..............##.....### #)..
#...............#⌠.⌠..# #...
#.......>##.###...∩...######..
#................⌠.⌠..........
#.............###..#########..
#.............##...## #..
#.[..........<...#..### #..
#.....@#####...######..
#.....O# ###....##... #......#
####..#.## #....### ##....#.
#...# ##....... #..# #........
...# #........ ..# #.....[..
##.......


You could see an ogre.

Vanquished Creatures
  A bullfrog skeleton (D:3)
  5 adders
  3 gnolls (D:2)
  3 dart slugs
  4 orcs (D:3)
  7 ball pythons (D:1)
  6 endoplasms
  2 giant cockroaches
  3 goblins
  6 hobgoblins
  5 quokkas
  8 bats
  3 frilled lizards
  4 kobolds
  2 rats (D:1)
62 creatures vanquished.

Notes
Turn   | Place    | Note
-------+----------+-------------------------------------------
     0 | D:1      | safid the Hill Orc Fighter began the quest for the Orb.
     0 | D:1      | Reached XP level 1. HP: 19/19 MP: 1/1
   169 | D:1      | Reached XP level 2. HP: 27/27 MP: 2/2
   194 | D:1      | Reached skill level 3 in Axes
   486 | D:1      | Found a faded altar of an unknown god.
   710 | D:1      | Reached XP level 3. HP: 33/33 MP: 3/3
  1450 | D:2      | Reached XP level 4. HP: 40/40 MP: 4/4
  1509 | D:2      | Reached skill level 4 in Axes
  1674 | D:2      | Reached skill level 5 in Axes
  2043 | D:3      | Reached XP level 5. HP: 40/46 MP: 5/5
  2266 | D:3      | Found Gevihaf's Book Boutique.
  2286 | D:3      | Reached skill level 6 in Axes
  2351 | D:3      | Noticed an ogre
  2355 | D:3      | Mangled by an ogre

Illustrated notes

Levels and vault maps discovered:
D:1:      dpeg_cavernosity, layout_rooms, hellmonk_ecumenical_altar_lost_god,
          nicolae_figureground_sparkle
D:2:      layout_rooms, chequers_serial_rivers_micro_d
D:3:      layout_rooms, lemuel_round_altar, serial_shops, shop_fountains

Skill      XL: |  1  2  3  4  5 |
---------------+----------------+-----
Axes           | 3 5 6 |  6.0
Fighting       | 4 |  4.0
Shields        | 4 |  4.0
Armour         | 4 |  4.0

Action                   |  1- 3 |  4- 6 || total
-------------------------+-------+-------++-------
Melee: War axe           |    98 |    72 ||   170
Armor: Scale mail        |    53 |    41 ||    94
Dodge: Dodged            |    54 |    34 ||    88
Block: Buckler           |    17 |    25 ||    42
